 Dungeon Crawl Stone Soup version 0.29-a0-82-g837932c90e (webtiles) character file.

Game seed: 364334967448430216

312 siradein the Cudgeller (level 6, -5/62 HPs)
             Began as a Troll Berserker on Feb 4, 2022.
             Was a Believer of Trog.
             Slain by an ogre (14 damage)
             ... on level 5 of the Dungeon.
             The game lasted 00:04:50 (2471 turns).

siradein the Cudgeller (Troll Berserker)            Turns: 2471, Time: 00:04:51

Health: -5/62      AC:  4    Str: 26    XL:     6   Next: 18%
Magic:  5/5        EV: 10    Int:  3    God:    Trog [**....]
Gold:   227        SH:  5    Dex: 11    Spells: 5/5 levels left

rFire   . . .      SeeInvis .   s - +0 flail
rCold   . . .      Faith    .   (no shield)
rNeg    + . .      Spirit   .   b - +0 animal skin
rPois   .          Reflect  +   (helmet restricted)
rElec   .          Harm     .   (no cloak)
rCorr   .          Rampage  .   (gloves unavailable)
Will    .....                   (boots unavailable)
Stlth   +.........              d - amulet of reflection
HPRegen 1.00/turn               j - ring of positive energy
MPRegen 0.09/turn               (no ring)

@: no status effects
A: large, unfitting armour, claws 3, regeneration 1, shaggy fur 1, tough skin 1
a: Renounce Religion, Berserk, Trog's Hand


You were on level 5 of the Dungeon.
You worshipped Trog.
Trog was pleased with you.
You visited 1 branch of the dungeon, and saw 5 of its levels.

You collected 227 gold pieces.

Inventory:

Hand Weapons
 s - a +0 flail (weapon)
Missiles
 o - 5 poisoned darts (quivered)
 p - 6 boomerangs
Armour
 b - a +0 animal skin (worn)
Jewellery
 d - an amulet of reflection (around neck)
 j - a ring of positive energy (left claw)
Scrolls
 c - a scroll of magic mapping {unknown}
 f - a scroll of summoning {unknown}
 g - 2 scrolls of teleportation {unknown}
 k - 3 scrolls of enchant weapon {unknown}
 m - 3 scrolls of identify {unknown}
 n - a scroll of immolation {unknown}
 q - a scroll of noise {unknown}
 r - a scroll of vulnerability {unknown}
Potions
 e - a potion of magic {unknown}
 h - a potion of mutation {unknown}
 i - 3 potions of curing {unknown}
 l - a potion of lignification {unknown}


   Skills:
 + Level 3.8 Fighting
 + Level 4.3 Maces & Flails
 + Level 3.8 Dodging


You had 5 spell levels left.
You didn't know any spells.
Your spell library was empty.

Dungeon Overview and Level Annotations

Branches:
Dungeon (5/15)             Temple (0/1) D:5

Altars:


Innate Abilities, Weirdness & Mutations

You are too large for most types of armour.
You have claws for hands.
Your natural rate of healing is unusually fast.
You are covered in fur. (AC +1)
You have tough skin. (AC +1)


Message History

Trog accepts your kill. The ogre hits you with a +0 giant club!
You hit the ogre but do no damage. The ogre hits you with a +0 giant club!
You hit the ogre.
The ogre is lightly wounded.
The ogre hits you with a +0 giant club!!
* * * LOW HITPOINT WARNING * * *
You are too injured to fight recklessly!
The ogre barely misses you.
Found a purple potion.
You sock the ogre!
The ogre is moderately wounded.
The ogre hits you with a +0 giant club!!
You sock the ogre!
The ogre is severely wounded.
The ogre closely misses you.
You completely miss the ogre.
The ogre is severely wounded.
The ogre closely misses you.
You hit the ogre.
The ogre is severely wounded.
The ogre hits you with a +0 giant club!
You hit the ogre.
The ogre is almost dead.
The ogre hits you with a +0 giant club!
You barely miss the ogre.
The ogre is severely wounded.
The ogre hits you with a +0 giant club!
You barely miss the ogre.
The ogre is severely wounded.
The ogre barely misses you.
The ogre hits you with a +0 giant club!!
* * * LOW HITPOINT WARNING * * *
You barely miss the ogre.
The ogre is severely wounded.
You block the ogre's attack.
You hit the ogre.
The ogre is almost dead.
The ogre hits you with a +0 giant club!
You die...

## ###
#.##.###
#...@..##
##...O.!.##
#.........##
#..........#
#.........##
#........##
####
#.......##
###..##
#.(....##
##.....##
##....##
###.......#


You could see an ogre.

Vanquished Creatures
  A necrophage (D:5)
  A water moccasin skeleton (D:4)
  2 hounds (D:5)
  An iguana (D:5)
  A hound skeleton (D:4)
  A shadow imp (D:4)
  An adder skeleton (D:4)
  A worm (D:3)
  2 dart slugs
  8 orcs
  5 endoplasms
  3 giant cockroaches
  7 goblins
  6 hobgoblins
  3 quokkas
  3 ball pythons
  3 bats (D:1)
  A frilled lizard (D:1)
  2 kobolds (D:3)
  7 rats
59 creatures vanquished.

Notes
Turn   | Place    | Note
-------+----------+-------------------------------------------
     0 | D:1      | siradein the Troll Berserker began the quest for the Orb.
     0 | D:1      | Reached XP level 1. HP: 22/22 MP: 0/0
   310 | D:1      | Reached XP level 2. HP: 29/29 MP: 1/1
   531 | D:1      | Reached skill level 3 in Maces & Flails
   896 | D:2      | Found a faded altar of an unknown god.
   911 | D:2      | Reached XP level 3. HP: 33/36 MP: 2/2
  1156 | D:3      | Reached ** piety under Trog
  1676 | D:4      | Reached XP level 4. HP: 21/45 MP: 3/3
  2077 | D:5      | Entered Level 5 of the Dungeon
  2111 | D:5      | Found a staircase to the Ecumenical Temple.
  2160 | D:5      | Reached XP level 5. HP: 53/53 MP: 4/4
  2308 | D:5      | Reached skill level 4 in Maces & Flails
  2346 | D:5      | Noticed a necrophage
  2353 | D:5      | Killed a necrophage
  2354 | D:5      | Reached XP level 6. HP: 58/62 MP: 5/5
  2471 | D:5      | Slain by an ogre

Illustrated notes

Levels and vault maps discovered:
D:1:      dpeg_arrival_court, layout_loops_ring, solitary_fountain
D:2:      layout_rooms, ebering_ecumenical_altar_box
D:3:      layout_rooms
D:4:      layout_cave_pools
D:5:      layout_cave_pods, minmay_temple_entry_overgrown,
          minmay_strange_pillars, minmay_misc_feat_more_columns, minmay_between

Skill      XL: |  1  2  3  4  5 |
---------------+----------------+-----
Maces & Flails | 3 4 |  4.3
Dodging        | 3 |  3.8
Fighting       | 3 |  3.8

Action                   |  1- 3 |  4- 6 || total
-------------------------+-------+-------++-------
Melee: Mace              |   131 |    35 ||   166
       Punch             |     1 |     1 ||     2
       Flail             |       |    39 ||    39
Armor: Animal skin       |    46 |    12 ||    58
Dodge: Dodged            |    73 |    34 ||   107
Block: Other             |    35 |    19 ||    54
       Reflection        |     2 |       ||     2

Table legend: (Time is in decaauts)
 A = Elapsed time spent in this place.
 B = Non-inter-level travel time spent in this place.
 C = Inter-level travel time spent in this place.
 D = Time resting spent in this place.
 E = Time spent auto-exploring this place.
 F = Levels seen in this place.
 G = Mean time per level.
                   A        B        C        D        E       F      G
               +--------+--------+--------+--------+--------+-----+--------+
         Total |   2518 |   2407 |    111 |      0 |   1819 |   5 |  503.6 |
       Dungeon |   2518 |   2407 |    111 |      0 |   1819 |   5 |  503.6 |
               +--------+--------+--------+--------+--------+-----+--------+

Top non-repeatable levels by time:
     D:1: 733 daAuts
     D:4: 504 daAuts
     D:3: 442 daAuts
     D:2: 432 daAuts
     D:5: 405 daAuts
